 Dungeon Crawl Stone Soup version 0.22.0-16-gc6d26f69f9 (webtiles) character file.

15291 GordonOverkill the Cleaver (level 11, -4/86 HPs)
             Began as a Mummy Warper on Aug 18, 2018.
             Was an Initiate of Gozag.
             Slain by a four-headed hydra (10 damage)
             ... on level 2 of the Lair of Beasts.
             The game lasted 00:49:03 (24600 turns).

GordonOverkill the Cleaver (Mummy Warper)          Turns: 24600, Time: 00:49:03

Health: -4/86      AC: 18    Str: 17    XL:     11   Next: 99%
Magic:  5/5        EV:  8    Int: 13    God:    Gozag
Gold:   2042       SH:  5    Dex: 12    Spells: 13/15 levels left

rFire    . . .     SeeInvis .   b - +2 flail (antimagic)
rCold    + . .     Gourm    .   h - +0 buckler
rNeg     + + +     Faith    .   y - +0 chain mail
rPois    ∞         Spirit   .   (no helmet)
rElec    .         Reflect  .   r - +2 cloak
rCorr    .         Harm     .   w - +2 pair of gloves
MR       ++...                  l - +2 pair of boots
Stlth    ..........             (no amulet)
HPRegen  0.24/turn              t - ring of protection from magic
MPRegen  0.09/turn              c - ring of protection from fire

@: no status effects
A: no food or potions, fire vulnerability, cold resistance 1, negative energy
resistance 3, torment resistance, unbreathing
a: Potion Petition, Call Merchant, Bribe Branch, Renounce Religion


You were on level 2 of the Lair of Beasts.
You worshipped Gozag.
Gozag was most pleased with you.
You were not hungry.

You visited 2 branches of the dungeon, and saw 13 of its levels.
You also visited: Sewer.

You collected 2491 gold pieces.
You paid 449 gold pieces to Gozag.

Inventory:

Hand Weapons
 a - a +3 war axe of freezing
 b - a +2 antimagic flail (weapon)
 E - a +1 dagger of electrocution
Missiles
 e - 2 tomahawks of dispersal (quivered)
 n - 15 tomahawks
 s - 8 javelins
 B - 2 throwing nets
Armour
 h - a +0 buckler (worn)
 j - a +0 plate armour
 k - a +0 shield
 l - a +2 pair of boots (worn)
 r - a +2 cloak (worn)
 w - a +2 pair of gloves (worn)
 y - a +0 chain mail (worn)
Jewellery
 c - a ring of protection from fire (right hand)
 d - an uncursed ring of see invisible {unknown}
 f - an uncursed ring of flight
 t - a ring of protection from magic (left hand)
 u - an uncursed amulet of harm
 x - an uncursed ring of protection from magic
Wands
 v - a wand of flame (23)
 D - a wand of enslavement (19)
 H - a wand of random effects (26)
Scrolls
 g - 3 scrolls of amnesia
 i - 4 scrolls of identify
 o - 2 scrolls of fog
 p - a scroll of enchant armour
 q - 3 scrolls of magic mapping
 z - 4 scrolls of remove curse
 A - 5 scrolls of teleportation
 C - a scroll of silence {unknown}
 I - a scroll of blinking
Miscellaneous
 G - a phial of floods (inert)


   Skills:
 + Level 8.0 Fighting
 * Level 12.2 Axes
 - Level 0.7 Throwing
 - Level 4.0 Armour
 - Level 4.0 Dodging
 - Level 5.0 Shields
 - Level 2.6 Spellcasting
 - Level 2.4 Translocations
 - Level 4.1 Evocations


You had 13 spell levels left.
You knew the following spells:

 Your Spells              Type           Power        Failure   Level  Hunger
a - Blink                 Tloc           N/A          88%         2    N/A

Your spell library contained the following spells:

 Spells                   Type           Power        Failure   Level  Hunger
 Fireball                 Conj/Fire      #.........   100%        5    N/A
 Conjure Flame            Conj/Fire      #.......     100%        3    N/A
 Confuse                  Hex            #.......     100%        3    N/A
 Throw Flame              Conj/Fire      #.....       99%         2    N/A
 Teleport Other           Tloc           #.......     98%         3    N/A
 Animate Dead             Necr           N/A          100%        4    N/A
 Pain                     Necr           #...         97%         1    N/A
 Animate Skeleton         Necr           N/A          97%         1    N/A
 Vampiric Draining        Necr           #.........   100%        3    N/A
 Sticky Flame             Conj/Fire      #.......     100%        4    N/A
 Regeneration             Chrm/Necr      #.........   100%        3    N/A
 Tukima's Dance           Hex            #.......     100%        3    N/A
 Flame Tongue             Conj/Fire      #....        97%         1    N/A
 Ensorcelled Hibernation  Hex/Ice        #.....       99%         2    N/A
 Corona                   Hex            #......      97%         1    N/A
 Passage of Golubria      Tloc           N/A          100%        4    N/A
 Shroud of Golubria       Chrm/Tloc      #.........   97%         2    N/A
 Inner Flame              Hex/Fire       #.......     100%        3    N/A
 Dazzling Spray           Conj/Hex       #.....       100%        3    N/A
 Gell's Gravitas          Tloc           #.........   98%         3    N/A
 Lesser Beckoning         Tloc           #.........   98%         3    N/A

Dungeon Overview and Level Annotations

Branches:
Dungeon (11/15)            Temple (0/1) D:4            Lair (2/6) D:8
    Orc (0/2) D:10
  Swamp: Lair:2-4    Shoals: Lair:2-4     Snake: Lair:2-4    Spider: Lair:2-4

Altars:
Ashenzari
Dithmenos
Gozag
Makhleb
Okawaru
Trog
Vehumet
Yredelemnul
Zin
The Shining One

Shops:
D:7 %   D:11 [

Annotations:
D:4 3 runed doors, marsu's ghost, amateur CeHu
D:5 1 runed door, turnburgler's ghost, weakling OpWz
Lair:1 3 runed doors, Tel Liarphemo's ghost, novice DsBe


Innate Abilities, Weirdness & Mutations

You do not eat or drink.
Your flesh is vulnerable to fire.
You are immune to poison.
Your flesh is cold resistant. (rC+)
You are immune to negative energy. (rN+++)
You are immune to unholy pain and torment.
You can survive without breathing.


Message History

The four-headed hydra is almost dead.
You block the four-headed hydra's attack.
The four-headed hydra bites you!
* * * LOW HITPOINT WARNING * * *
The four-headed hydra bites you.
* * * LOW HITPOINT WARNING * * *
The four-headed hydra bites you but does no damage.
You hit the four-headed hydra.
The four-headed hydra is almost dead.
The four-headed hydra bites you but does no damage.
The four-headed hydra barely misses you.
The four-headed hydra bites you but does no damage. x2
You hit the four-headed hydra.
The four-headed hydra is almost dead.
The four-headed hydra bites you!
* * * LOW HITPOINT WARNING * * *
You block the four-headed hydra's attack. x2
The four-headed hydra bites you!
You die...
Your body crumbles into a pile of gold.

.....#.. ###..
.......###.....
............... .
...............
.................
....D............
....## #P.###
#.....+#D.P.#.##
#.@.......#
#.<......#..
#................
P....#.[......P..
....#..........#.
..............#..
.....#.......P.#.
.....#........P#
...#####...P.#


You could see a four-headed hydra.

Vanquished Creatures
  Harold (D:7)
  A two-headed ogre (D:11)
  4 death yaks
  An unseen horror (D:10)
  A guardian serpent (D:11)
  A troll (D:10)
  2 hippogriffs
  3 hogs (D:7)
  A human (D:7)
  20 yaks
  2 water moccasins (Lair:1)
  An acid dragon (D:11)
  5 ice beasts
  2 orc warriors
  2 sky beasts
  An eye of draining (D:8)
  A phantom (D:11)
  2 ogres
  7 centaurs
  A crocodile (Lair:1)
  2 big kobolds (D:7)
  9 bullfrogs
  A gnoll sergeant (D:3)
  A water moccasin zombie (D:10)
  2 scorpions (D:11)
  14 killer bees
  9 wights
  3 howler monkeys
  An electric eel (D:11)
  4 crimson imps
  A bullfrog zombie (D:6)
  A quasit (D:5)
  4 centaur zombies
  A hound (D:10)
  4 orc priests
  3 centaur skeletons
  3 gnoll shamans
  An iguana (D:4)
  11 orc wizards
  4 worker ants
  A hound zombie (D:6)
  A worker ant zombie (D:5)
  52 gnolls
  19 adders
  2 shadow imps
  10 oozes (Sewer)
  2 adder skeletons
  An adder zombie (D:8)
  4 worms
  2 dart slugs (D:1)
  12 leopard geckos
  26 orcs
  10 ball pythons
  15 bats
  8 giant cockroaches
  2 gnoll zombies (D:3)
  4 hobgoblins
  26 jackals
  4 quokkas
  13 frilled lizards
  5 goblins
  A jackal zombie (D:6)
  21 kobolds
  2 quokka skeletons
  11 rats
392 creatures vanquished.

Vanquished Creatures (collateral kills)
  An eye of draining (D:11)
  A centaur (D:11)
  A jelly (D:11)
3 creatures vanquished.

Vanquished Creatures (others)
  An orc wizard (D:5)
  An orc (D:5)
2 creatures vanquished.

Grand Total: 397 creatures vanquished

Notes
Turn   | Place    | Note
-------+----------+-------------------------------------------
     0 | D:1      | GordonOverkill the Mummy Warper began the quest for the Orb.
     0 | D:1      | Reached XP level 1. HP: 16/16 MP: 4/4
    66 | D:1      | Reached skill level 1 in Armour
   311 | D:1      | Reached XP level 2. HP: 2/22 MP: 5/5
   918 | D:1      | Reached skill level 2 in Axes
   922 | D:1      | Learned a level 2 spell: Blink
  1424 | D:2      | Reached XP level 3. HP: 28/28 MP: 7/7
  2037 | D:2      | Reached XP level 4. HP: 28/35 MP: 8/8
  2689 | D:2      | Found a glowing golden altar of the Shining One.
  2916 | D:2      | Reached skill level 3 in Axes
  2943 | D:3      | Noticed a hippogriff
  2956 | D:2      | Reached XP level 5. HP: 33/42 MP: 9/9
  3408 | D:2      | Killed a hippogriff
  3408 | D:2      | Reached XP level 6. HP: 22/50 MP: 10/10
  3640 | D:2      | Found a glowing golden altar of the Shining One.
  4050 | D:2      | Reached skill level 4 in Axes
  4288 | D:2      | Reached skill level 5 in Fighting
  5622 | D:2      | Found a glowing golden altar of the Shining One.
  5787 | D:2      | Reached XP level 7. HP: 50/56 MP: 11/11
  5997 | D:2      | Found a glowing golden altar of the Shining One.
  6615 | D:3      | Reached skill level 5 in Axes
  9342 | D:3      | Found a basalt altar of Yredelemnul.
  9446 | D:4      | Got a clouded lead ring
  9448 | D:4      | Identified the ring of Dissent {rPois Int+3} (You found it on level 4 of the Dungeon)
  9580 | D:4      | Noticed marsu's ghost (amateur CeHu)
  9584 | D:4      | Found a runed gate.
  9584 | D:4      | Found a runed gate.
  9584 | D:4      | Found a runed gate.
  9604 | D:4      | Found a glowing drain.
  9630 | Sewer    | Entered a sewer
  9832 | Sewer    | Reached XP level 8. HP: 62/62 MP: 12/12
 10276 | Sewer    | Reached skill level 6 in Axes
 10708 | D:4      | Found a staircase to the Ecumenical Temple.
 11132 | D:5      | Entered Level 5 of the Dungeon
 11365 | D:5      | Reached skill level 1 in Shields
 11726 | D:5      | Found an opulent altar of Gozag.
 11738 | D:5      | Became a worshipper of Gozag Ym Sagoz the Greedy
 12163 | D:5      | Found a runed door.
 12498 | D:5      | Found a radiant altar of Vehumet.
 12507 | D:5      | Reached skill level 7 in Axes
 12846 | D:5      | Noticed turnburgler's ghost (weakling OpWz)
 13239 | D:5      | Reached XP level 9. HP: 61/68 MP: 13/13
 14369 | D:6      | Reached skill level 8 in Axes
 14838 | D:7      | Found a shadowy altar of Dithmenos.
 15066 | D:7      | Reached skill level 9 in Axes
 15302 | D:7      | Noticed Harold
 15351 | D:6      | Found an iron altar of Okawaru.
 15351 | D:6      | Found a shattered altar of Ashenzari.
 15566 | D:7      | Killed Harold
 15566 | D:7      | Reached skill level 5 in Shields
 15566 | D:7      | Reached XP level 10. HP: 16/76 MP: 14/14
 15886 | D:7      | Found Niunlehe's Food Emporium.
 16284 | D:6      | HP: 2/77 [orc warrior/halberd (12)]
 16820 | D:8      | Found a staircase to the Lair.
 17035 | D:8      | Found a basalt altar of Yredelemnul.
 17552 | D:8      | Found a bloodstained altar of Trog.
 17822 | D:9      | Reached skill level 1 in Evocations
 17844 | D:9      | Reached skill level 10 in Axes
 17995 | D:9      | Found a burning altar of Makhleb.
 18352 | D:9      | Found a glowing silver altar of Zin.
 19079 | D:10     | Entered Level 10 of the Dungeon
 19163 | D:10     | Found a staircase to the Orcish Mines.
 20047 | D:10     | Reached XP level 11. HP: 80/84 MP: 15/15
 20557 | D:10     | Killed an unseen horror
 20951 | D:11     | Reached skill level 11 in Axes
 21782 | D:11     | Noticed a two-headed ogre
 21786 | D:11     | Found Kaadecacw's Antique Armour Shop.
 21814 | D:11     | Killed a two-headed ogre
 22413 | Lair:1   | Entered Level 1 of the Lair of Beasts
 22485 | Lair:1   | Noticed a death yak
 22485 | Lair:1   | Noticed a death yak
 22486 | Lair:1   | Noticed a death yak
 22490 | Lair:1   | Noticed a death yak
 22561 | D:8      | Killed a death yak
 22781 | D:8      | HP: 2/86 [death yak (7)]
 22782 | D:8      | Killed a death yak
 23155 | D:8      | Killed a death yak
 23301 | Lair:1   | Killed a death yak
 23588 | Lair:1   | Reached skill level 12 in Axes
 24057 | Lair:1   | Found a runed gate.
 24059 | Lair:1   | Found a runed gate.
 24060 | Lair:1   | Found a runed gate.
 24074 | Lair:1   | Noticed Tel Liarphemo's ghost (novice DsBe)
 24584 | Lair:2   | Noticed a four-headed hydra
 24600 | Lair:2   | Slain by a four-headed hydra

Skill      XL: |  1  2  3  4  5  6  7  8  9 10 11 |
---------------+----------------------------------+-----
Armour         | 1 3 4 |  4.0
Dodging        | 2 4 |  4.0
Axes           | 2 3 4 5 7 9 10 12 | 12.2
Fighting       | 3 4 5 6 7 8 |  8.0
Shields        | 3 5 |  5.0
Evocations     | 2 4 |  4.1
Throwing       | |  0.7
Spellcasting   | |  2.6
Translocations | |  2.4

Action                   |  1- 3 |  4- 6 |  7- 9 | 10-12 || total
-------------------------+-------+-------+-------+-------++-------
Melee: Hand axe          |   165 |   179 |    62 |       ||   406
       Short sword       |       |    41 |       |       ||    41
       Dagger            |       |    39 |   832 |       ||   871
       War axe           |       |       |   198 |   809 ||  1007
       Flail             |       |       |       |     8 ||     8
Throw: Tomahawk          |     3 |       |       |       ||     3
Invok: Potion Petition   |       |       |       |     2 ||     2
Evoke: Wand              |       |       |     4 |    18 ||    22
       Phial of floods   |       |       |       |     1 ||     1
  Use: Scroll            |       |       |    10 |    15 ||    25
 Stab: Distracted        |       |       |     1 |     3 ||     4
Armor: Leather armour    |    28 |       |       |       ||    28
       Scale mail        |    28 |   156 |   429 |       ||   613
       Chain mail        |       |       |   123 |   533 ||   656
Dodge: Dodged            |   118 |   163 |   593 |   230 ||  1104
Block: Buckler           |       |       |   101 |   186 ||   287
